 Dungeon Crawl Stone Soup version 0.23.2-30-g0e89c35649 (webtiles) character file.

Game seed: 10819602501278797123

340 Jabberih the Ruffian (level 6, -6/55 HPs)
             Began as an Ogre Transmuter on June 19, 2019.
             Was an Initiate of Fedhas.
             Mangled by a crocodile (9 damage)
             ... in a sewer.
             The game lasted 00:08:02 (4500 turns).

Jabberih the Ruffian (Ogre Transmuter)              Turns: 4500, Time: 00:08:03

Health: -6/55      AC:  3    Str: 22    XL:     6   Next: 56%
Magic:  2/9        EV: 10    Int: 14    God:    Fedhas [......]
Gold:   124        SH:  0    Dex:  9    Spells: 3/9 levels left

rFire    . . .     SeeInvis .     - Unarmed
rCold    . . .     Gourm    .   (no shield)
rNeg     . . .     Faith    .   b - +0 robe
rPois    .         Spirit   .   (helmet restricted)
rElec    .         Reflect  .   (no cloak)
rCorr    .         Harm     .   (gloves unavailable)
MR       .....                  (boots unavailable)
Stlth    +.........             (no amulet)
HPRegen  0.18/turn              (no ring)
MPRegen  0.11/turn              (no ring)

@: mighty, very slightly contaminated
A: large, unfitting armour, tough skin 1
a: Fungal Bloom, Renounce Religion


You were in a sewer.
You worshipped Fedhas.
Fedhas was noncommittal.
You were hungry.

You visited 1 branch of the dungeon, and saw 4 of its levels.
You also visited: Sewer.

You collected 124 gold pieces.

Inventory:

Missiles
 a - 26 arrows
 k - 68 stones (quivered)
Armour
 b - a +0 robe (worn)
 e - a +0 buckler
Wands
 m - a wand of random effects (14)
Scrolls
 c - 3 scrolls of teleportation {unknown}
 g - 3 scrolls of immolation {unknown}
 h - 3 scrolls of identify {unknown}
 j - a scroll of random uselessness {unknown}
 o - 2 scrolls of enchant armour {unknown}
Potions
 f - 3 potions of curing {unknown}
 i - 2 potions of degeneration {unknown}
 l - a potion of agility {unknown}
Comestibles
 d - 4 rations
 p - 4 chunks of flesh


   Skills:
 - Level 1.3 Fighting
 - Level 1.7 Dodging
 + Level 4.9 Unarmed Combat
 - Level 2.4 Spellcasting
 + Level 4.5 Transmutations


You had 3 spell levels left.
You knew the following spells:

 Your Spells              Type           Power        Failure   Level  Hunger
a - Beastly Appendage     Tmut           ##....       3%          1    #......
b - Sticks to Snakes      Tmut           ##......     5%          2    ###....
c - Spider Form           Tmut/Pois      #.........   26%         3    ###....

Your spell library contained the following spells:

 Spells                   Type           Power        Failure   Level  Hunger
 Ice Form                 Ice/Tmut       #.......     65%         4    #####..
 Blade Hands              Tmut           ##........   69%         5    ######.


Dungeon Overview and Level Annotations

Branches:
Dungeon (4/15)
 Temple: D:4-7

Altars:
Fedhas


Innate Abilities, Weirdness & Mutations

You are too large for most types of armour.
You have tough skin. (AC +1)


Message History

Your ball python bites the crocodile.
Your ball python bites the crocodile.
Your ball python bites the crocodile.
Okay, then.
Okay, then.
The crocodile bites you!
* * * LOW HITPOINT WARNING * * *
There is an empty arch of ancient stone here.
Casting: Sticks to Snakes (safe; 5% risk of failure)
Confirm with . or Enter, or press ? or * to list all spells.
You don't have enough magic to cast that spell.
Your ball python bites the crocodile but does no damage.
The crocodile barely misses you.
Your ball python bites the crocodile but does no damage.
Your ball python barely misses the crocodile.
Your ball python misses the crocodile.
You feel very mighty all of a sudden. The crocodile bites you!
You die...
Fedhas appreciates your contribution to the ecosystem.

... #.# ####### #.#
##.....## #.#
##...≈...##
#.#######...≈≈≈...##
#..........≈≈≈≈≈.∩.#
#.#######...≈≈≈S..##
#.# ##...≈.t.## #.#
##....@## #.#
####### #.# #.# #.#


You could see a crocodile and a friendly ball python.

Vanquished Creatures
  An ogre (D:4)
  2 orc priests (D:3)
  3 orc wizards
  4 adders
  A dart slug (D:1)
  4 leopard geckos
  9 orcs
  2 ball pythons
  4 giant cockroaches
  7 goblins
  6 hobgoblins
  3 jackals (D:2)
  3 quokkas
  12 bats
  2 frilled lizards
  6 kobolds
  4 rats
73 creatures vanquished.

Vanquished Creatures (collateral kills)
  3 orcs (D:3)
3 creatures vanquished.

Vanquished Creatures (others)
  A toadstool (D:4)
1 creature vanquished.

Grand Total: 77 creatures vanquished

Notes
Turn   | Place    | Note
-------+----------+-------------------------------------------
     0 | D:1      | Jabberih the Ogre Transmuter began the quest for the Orb.
     0 | D:1      | Reached XP level 1. HP: 19/19 MP: 3/3
   312 | D:1      | Reached XP level 2. HP: 17/27 MP: 3/5
   857 | D:1      | Reached XP level 3. HP: 30/33 MP: 4/6
   947 | D:1      | Learned a level 2 spell: Sticks to Snakes
   951 | D:1      | Learned a level 3 spell: Spider Form
  1756 | D:2      | Reached XP level 4. HP: 22/41 MP: 4/7
  2322 | D:3      | HP: 2/41 [bat (1)]
  3180 | D:3      | Found a blossoming altar of Fedhas.
  3301 | D:3      | Reached XP level 5. HP: 16/48 MP: 4/8
  4002 | D:3      | Reached XP level 6. HP: 45/55 MP: 5/9
  4292 | D:3      | Became a worshipper of Fedhas Madash
  4352 | D:4      | Found a glowing drain.
  4396 | Sewer    | Entered a sewer
  4496 | Sewer    | HP: 2/55 [crocodile (8)]
  4500 | Sewer    | Mangled by a crocodile

Skill      XL: |  1  2  3  4  5 |
---------------+----------------+-----
Transmutations | 2 3 4 |  4.5
Unarmed Combat | 3 4 |  4.9
Fighting       | |  1.3
Dodging        | |  1.7
Spellcasting   | |  2.4

Action                   |  1- 3 |  4- 6 || total
-------------------------+-------+-------++-------
Melee: Unarmed           |   126 |   146 ||   272
       Headbutt          |     4 |     3 ||     7
       Kick              |     5 |     9 ||    14
       Punch             |       |     1 ||     1
 Cast: Beastly Appendage |    23 |    14 ||    37
       Sticks to Snakes  |     3 |     6 ||     9
       Spider Form       |       |     6 ||     6
Invok: Fungal Bloom      |       |     1 ||     1
  Use: Potion            |       |     1 ||     1
  Eat: Chunk             |     3 |     7 ||    10
       Ration            |       |     1 ||     1
Armor: Robe              |    33 |    60 ||    93
       Skin              |       |     5 ||     5
Dodge: Dodged            |    80 |   135 ||   215
